 Dungeon Crawl Stone Soup version 0.29.1-15-g9cfb28693d (webtiles) character file.

Game seed: 3345509702114385028

56 Heoruswealwe the Magician (level 3, -4/19 HPs)
             Began as a Deep Elf Earth Elementalist on Apr 19, 2023.
             Slain by a gnoll
             ... wielding a +0 whip of flaming
              (5 damage)
             ... on level 3 of the Dungeon.
             The game lasted 00:16:57 (1532 turns).

Heoruswealwe the Magician (DEEE)                    Turns: 1532, Time: 00:16:57

Health: -4/19      AC:  2    Str:  5    XL:     3   Next: 71%
Magic:  4/11       EV: 12    Int: 21    God:
Gold:   71         SH:  0    Dex: 15    Spells: 5/11 levels left

rFire   . . .      SeeInvis .   (no weapon)
rCold   . . .      Faith    .   (no shield)
rNeg    . . .      Spirit   .   c - +0 robe
rPois   .          Reflect  .   (no helmet)
rElec   .          Harm     .   (no cloak)
rCorr   .          Rampage  .   (no gloves)
Will    .....                   (no boots)
Stlth   ++........              (no amulet)
HPRegen 0.06/turn               (no ring)
MPRegen 0.12/turn               (no ring)

@: no status effects
A: no striking features
a: no special abilities


You were on level 3 of the Dungeon.
You visited 1 branch of the dungeon, and saw 3 of its levels.

You collected 71 gold pieces.

Inventory:

Armour
 c - a +0 robe (worn)
 g - a +0 robe
 h - a +0 robe
Scrolls
 d - 3 scrolls of teleportation
 f - 2 scrolls of identify {unknown}
Potions
 a - 2 potions of curing {unknown}
 b - a potion of magic
 e - 2 potions of degeneration {unknown}
 i - 2 potions of ambrosia {unknown}


   Skills:
 - Level 2.4(1.2) Dodging
 - Level 2.4(1.2) Stealth
 + Level 4.5(2.2) Spellcasting
 - Level 1.1(0.5) Transmutations
 + Level 4.3(2.1) Earth Magic


You had 5 spell levels left.
You knew the following spells:

 Your Spells              Type           Power      Damage    Failure   Level
a - Sandblast             Erth           22%        2d7       6%          1
b - Stone Arrow           Conj/Erth      12%        3d7       28%         3
z - Passwall              Tmut/Erth      6%         N/A       12%         2

Your spell library contained the following spells:

 Spells                   Type           Power      Damage    Failure   Level
 Slow                     Hex            8%         N/A       14%         1
 Confusing Touch          Hex            2%         N/A       41%         3
 Vampiric Draining        Necr           2%         2d6       41%         3
 Petrify                  Tmut/Erth      8%         N/A       63%         4
 Animate Dead             Necr           2%         N/A       82%         4
 Borgnjor's Vile Clutch   Necr/Erth      3%         N/A       95%         5
 Death Channel            Necr           1%         N/A       100%        6


Dungeon Overview and Level Annotations

Branches:
Dungeon (3/15)

Altars:
Ashenzari


Message History

You kill the goblin!
A goblin comes into view. It is wielding a +0 club.
The blast of sand misses the kobold.
The kobold barely misses you.
Your magical contamination has completely faded away.
The blast of sand hits the kobold.
You kill the kobold!
The blast of sand hits the goblin!
You kill the goblin!
Things that are here:
a +0 club; a +0 whip; a goblin corpse You see here a +0 club.
You see here a frilled lizard corpse.
Found a fuming clear potion.
Found a scroll labelled OPIOJ AREARPHIKK.
A gnoll comes into view. It is wielding a +0 whip of flaming.
The gnoll moves out of view.
The gnoll shouts!
A giant cockroach comes into view.
A gnoll comes into view. It is wielding a +0 halberd.
A bat comes into view.
The bat misses you. The bat closely misses you. The gnoll closely misses you.
The blast of sand hits the gnoll.
The gnoll is moderately wounded.
The bat misses you. The gnoll misses you. The bat hits you.
The gnoll closely misses you.
The blast of sand hits the gnoll.
The gnoll is heavily wounded.
The bat misses you.
The gnoll hits you with a +0 whip of flaming.
The gnoll burns you. The bat closely misses you.
The blast of sand hits the gnoll.
The gnoll is almost dead.
The bat barely misses you. The bat hits you.
The gnoll hits you with a +0 whip of flaming!
* * * LOW HITPOINT WARNING * * *
The gnoll burns you.
* * * LOW HITPOINT WARNING * * *
The gnoll hits you with a +0 whip of flaming.
You die...

#.....# #.....##
#.....#####....<##
#....†))....######
######>....#######
# #........### #
#........# #
#........# .
#....b...#
#.....@..# .g.
#......g.# ....
#........###....
#..............
#.........B..#
####.........#
#.........#
#.........#
#.........#


You could see a gnoll, a giant cockroach (wandering) and a bat.

Vanquished Creatures
  2 worms (D:2)
  3 dart slugs (D:1)
  A bat (D:1)
  4 endoplasms (D:1)
  A giant cockroach (D:1)
  5 goblins
  3 hobgoblins (D:2)
  8 kobolds
  A quokka (D:1)
  2 ball pythons (D:1)
  5 frilled lizards
  6 rats
41 creatures vanquished.

Notes
Turn   | Place    | Note
-------+----------+-------------------------------------------
     0 | D:1      | Heoruswealwe the Deep Elf Earth Elementalist began the
                  | quest for the Orb.
     0 | D:1      | Reached XP level 1. HP: 10/10 MP: 6/6
    87 | D:1      | Reached XP level 2. HP: 15/15 MP: 2/8
    90 | D:1      | Learned a level 2 spell: Passwall
   396 | D:1      | Found a faded altar of an unknown god.
   438 | D:1      | Prayed at the altar of an unknown god.
   438 | D:1      | Became a worshipper of Ashenzari the Shackled
   439 | D:1      | Fell from the grace of Ashenzari
   542 | D:1      | Reached XP level 3. HP: 18/19 MP: 7/10
   546 | D:1      | Learned a level 3 spell: Stone Arrow
  1532 | D:3      | Slain by a gnoll

Illustrated notes

Levels and vault maps discovered:
D:1:      lemuel_arrival_lava_pool, layout_loops_ring,
          chequers_ecumenical_altar_simple_redux
D:2:      layout_basic
D:3:      layout_basic, serial_shops, nicolae_lakefront_shop,
          nicolae_shop_hallway_plus, nicolae_shop_overgrown_old_shop

Skill      XL: |  1  2 |
---------------+-------+-----
Spellcasting   | 4 |  4.5
Earth Magic    | 4 |  4.3
Dodging        | |  2.4
Stealth        | |  2.4
Transmutations | |  1.1

Action                   || total
-------------------------++-------
 Cast: Sandblast         ||    64
       Passwall          ||     2
Invok: Renounce Religion ||     1
  Use: Scroll            ||     1
Armor: Robe              ||     2
Dodge: Dodged            ||    19
